 Dungeon Sprint DCSS version 0.30-a0-715-gdb4ae3ece1 (webtiles) character file.

Game seed: 10657998557852760607

1411 rocky1 the Demonic Cataclysm (level 11, -12/92 HPs)
             Began as a Demonspawn Gladiator on Jan 25, 2023.
             Was a High Priest of Qazlal.
             Mangled by a sun demon (19 damage)
             ... in the Dungeon (Sprint VI: "Thunderdome").
             The game lasted 00:10:51 (1235 turns).

rocky1 the Demonic Cataclysm (Demonspawn Gladiator) Turns: 1235, Time: 00:10:52

Health: -12/92     AC: 17    Str: 21    XL:     11   Next: 14%
Magic:  22/23      EV: 18    Int: 11    God:    Qazlal [*****.]
Gold:   739        SH:  7    Dex: 21    Spells: 10/10 levels left

rFire   . . .      SeeInvis .    a - +0 long sword
rCold   + . .      Faith    .    (no shield)
rNeg    + + .      Spirit   .    v - +0 swamp dragon scales
rPois   +          Reflect  .    c - +0 helmet
rElec   +          Harm     .    (no cloak)
rCorr   .          Rampage  .    (no gloves)
Will    .....      NoTele   +    (no boots)
Stlth   +                        s - amulet "Esio" {Fly rC+ Regen+ Int-2}
HPRegen 1.15/turn                m - ring of Obaj {rN+ Str+2 Dex+6}
MPRegen 0.18/turn                q - ring of Kikubaaqudgha's Favour {rN+ Int+2}

@: protected from electricity, sanguine armoured, flying, repel missiles
A: spiny 2, sanguine armour 1, weakness stinger 2, talons 1, electricity
resistance, strong 1
}: 1/15 runes: serpentine
a: Renounce Religion, Upheaval, Elemental Force, Disaster Area


You were in the Dungeon.
You worshipped Qazlal.
Qazlal was extremely pleased with you.
You visited 1 branch You collected 1500 gold pieces.
You spent 761 gold pieces at shops.

Inventory:

Hand Weapons
 a - a +0 long sword (weapon)
 w - a +3 longbow of flaming
Missiles
 d - 2 throwing nets
 e - a javelin
Armour
 b - a +0 leather armour
 c - a +0 helmet (worn)
 p - a +0 ring mail
 t - +0 acid dragon scales
 v - +0 swamp dragon scales (worn)
Jewellery
 m - the ring of Obaj (left hand) {rN+ Str+2 Dex+6}
   (You bought it in a shop in the Dungeon)

   [ring of dexterity]

   Str:       It affects your strength (+2).
   Dex:       It affects your dexterity (+6).
   rN:        It protects you from negative energy.
 q - the ring of Kikubaaqudgha's Favour (right hand) {rN+ Int+2}
   (You bought it in a shop in the Dungeon)

   [ring of positive energy]

   Int:       It affects your intelligence (+2).
   rN:        It protects you from negative energy.
 r - the amulet "Upoxtija" {Acrobat +Inv rPois Slay-3}
   (You bought it in a shop in the Dungeon)

   [amulet of the acrobat]

   It increases your evasion while moving and waiting.
   Slay:      It affects your accuracy & damage with ranged weapons and melee
   (-3).
   rPois:     It protects you from poison.
   +Inv:      It lets you turn invisible.
 s - the amulet "Esio" (around neck) {Fly rC+ Regen+ Int-2}
   (You bought it in a shop in the Dungeon)

   [amulet of regeneration]

   Int:       It affects your intelligence (-2).
   rC:        It protects you from cold.
   Fly:       It grants you flight.
   Regen:     It increases your rate of health regeneration.
Wands
 n - a wand of roots (14) (quivered)
 u - a wand of charming (3)
Scrolls
 k - 4 scrolls of blinking
 o - 3 scrolls of fog
Potions
 f - 5 potions of curing
 g - 7 potions of heal wounds
 h - 4 potions of haste
 i - 2 potions of magic
 j - a potion of berserk rage
 l - 2 potions of resistance


   Skills:
 + Level 10.6 Fighting
 * Level 13.5 Long Blades
 - Level 1.7 Throwing
 + Level 9.5 Armour
 + Level 9.9 Dodging
 * Level 17.5 Invocations


You had 10 spell levels left.
You didn't know any spells.
Your spell library was empty.

Dungeon Overview and Level Annotations

Branches:
Dungeon (1/1)

Altars:
Cheibriados
Dithmenos
Fedhas
Gozag
Kikubaaqudgha
Makhleb
Okawaru
Qazlal
Ru
Sif Muna
Trog
Uskayaw
Vehumet
Wu Jian
Xom
Yredelemnul
Lugonu

Shops:
D *[??*?*:[((!!!!


Innate Abilities, Weirdness & Mutations

You are mostly covered in sharp spines.
When seriously injured, your blood forms armour. (AC +6)
You have a tail ending in a sharp stinger.
You have sharp toenails.
You are resistant to electric shocks. (rElec)
Your muscles are strong. (Str +4, Int/Dex -1)


Message History

You claw the sun demon, but do no damage.
The sun demon is lightly wounded.
The sun demon barely misses you.
You closely miss the sun demon.
You claw the sun demon, but do no damage.
Your tail-slap misses the sun demon.
The sun demon is lightly wounded.
You block the sun demon's attack.
You hit the sun demon. Your kick misses the sun demon.
The sun demon is lightly wounded.
You block the sun demon's attack.
You hit the sun demon.
You claw the sun demon, but do no damage.
The sun demon is lightly wounded.
The sun demon hits you!!
Your blood congeals into armour.
You are engulfed in flames!
You hit the sun demon but do no damage.
You claw the sun demon, but do no damage.
You tail-slap the sun demon.
The sun demon is moderately wounded.
The sun demon is struck by your spines. The sun demon closely misses you.
You hit the sun demon.
The sun demon is moderately wounded.
The sun demon hits you.
You are engulfed in flames!
You hit the sun demon but do no damage. You tail-slap the sun demon!
The sun demon is heavily wounded.
The sun demon is struck by your spines. The sun demon closely misses you.
You hit the sun demon but do no damage.
You tail-slap the sun demon, but do no damage.
The sun demon is heavily wounded.
You barely miss the sun demon.
The sun demon is heavily wounded.
The sun demon hits you.
You are engulfed in flames!!
* * * LOW HITPOINT WARNING * * *
You closely miss the sun demon. You tail-slap the sun demon.
The sun demon is heavily wounded.
The sun demon hits you!
* * * LOW HITPOINT WARNING * * *
You are engulfed in flames!!
You die...

#∩.......∩# #_.[.[..._#
#_......._# #_...)).._#
###....)...[###
#)....)....).⌠#
######§8.........8.###
##.__°3°....###......__
###∩....@...8.# #.8..)...
##......☼..°..÷###....÷...
#⌠.......☼.°###...###.....
#⌠..........# #.<.# #.....
#⌠.........÷###...###..[..
##.............###....†...
###∩........8.# #.8......
##∩_._..).÷.###........
######.8.........8.###


You could see a sun demon.

Vanquished Creatures
  Nessos (D)
  A naga warrior (D)
  A centaur warrior (D)
  A sixfirhy (D)
  A swamp dragon (D)
  A rust devil (D)
  A rime drake (D)
  2 komodo dragons (D)
  A hellwing (D)
  Sigmund (D)
  Grum (D)
  7 neqoxecs (D)
  An acid dragon (D)
  2 swamp drakes (D)
  5 centaurs (D)
  5 wolves (D)
  Jessica (D)
  Terence (D)
  An iguana (D)
  An orc (D)
  A ball python (D)
  2 endoplasms (D)
  A hobgoblin (D)
  A kobold (D)
  A rat (D)
42 creatures vanquished.

Notes
Turn   | Place    | Note
-------+----------+-------------------------------------------
     0 | D        | rocky1 the Demonspawn Gladiator began the quest for the
                  | Orb.
     0 | D        | Reached XP level 1. HP: 16/16 MP: 1/1
     3 | D        | Found a shimmering altar of Xom.
     4 | D        | Found an ancient bone altar of Kikubaaqudgha.
     4 | D        | Found a radiant altar of Vehumet.
     5 | D        | Found a shadowy altar of Dithmenos.
     5 | D        | Found a snail-covered altar of Cheibriados.
     5 | D        | Round 1.
     6 | D        | Found a stormy altar of Qazlal.
     6 | D        | Found Sibaschie's Identification Station.
     7 | D        | Found Gablenis's Jewellery.
     7 | D        | Found Xettu's Advanced Armour.
    10 | D        | Found a blossoming altar of Fedhas.
    14 | D        | Became a worshipper of Qazlal Stormbringer
    18 | D        | Reached skill level 1 in Invocations
    20 | D        | Noticed an iguana
    24 | D        | Killed an iguana
    25 | D        | Reached skill level 1 in Armour
    25 | D        | Reached skill level 3 in Invocations
    25 | D        | Gained mutation: When seriously injured, your blood forms
                  | armour. (AC +6) [demonic ancestry]
    25 | D        | Reached XP level 2. HP: 23/23 MP: 1/4
    29 | D        | Noticed Terence
    39 | D        | Killed Terence
    39 | D        | Reached * piety under Qazlal
    40 | D        | Reached skill level 4 in Invocations
    40 | D        | Reached XP level 3. HP: 17/29 MP: 2/6
    43 | D        | Arena points: 12 (+12) [x2]
    46 | D        | Found Mill's Magic Scroll Shop.
    46 | D        | Found Ixiynor's Magic Scroll Shop.
    66 | D        | Found a sacrificial altar of Ru.
    66 | D        | Found a corrupted altar of Lugonu.
    66 | D        | Found an ornate altar of the Wu Jian Council.
    66 | D        | Found Moyraota's Staff Store.
    68 | D        | Found Seaxeceg's Must-Have Magic.
   100 | D        | Found an iron altar of Okawaru.
   100 | D        | Round 2.
   101 | D        | Found a burning altar of Makhleb.
   102 | D        | Found a basalt altar of Yredelemnul.
   103 | D        | Found Lirivet's Distillery.
   104 | D        | Found Pabresch's Distillery.
   104 | D        | Found Wuic's Bottled Wisdom.
   104 | D        | Found an opulent altar of Gozag.
   104 | D        | Found Uwubaas's Do-It-Yourself Clinic.
   108 | D        | Found a bloodstained altar of Trog.
   110 | D        | Found a shimmering blue altar of Sif Muna.
   111 | D        | Found Foel's Weapon Rack.
   112 | D        | Found a hide-covered altar of Uskayaw.
   112 | D        | Found Ulykitah's Premium Goods.
   112 | D        | Found Eterphia's Basic Armour.
   112 | D        | Found Cameluer's Miscellaneous Merchandise.
   136 | D        | Reached ** piety under Qazlal
   152 | D        | Noticed Jessica
   162 | D        | Killed Jessica
   163 | D        | Reached skill level 5 in Invocations
   163 | D        | Gained mutation: You are partially covered in sharp spines.
                  | [demonic ancestry]
   163 | D        | Reached XP level 4. HP: 22/35 MP: 6/8
   178 | D        | Noticed Sigmund
   183 | D        | Killed Sigmund
   184 | D        | Reached skill level 8 in Invocations
   184 | D        | Reached XP level 5. HP: 19/43 MP: 8/11
   208 | D        | Reached *** piety under Qazlal
   231 | D        | Arena points: 54 (+42) [x3]
   269 | D        | Bought a clouded ivory ring for 45 gold pieces
   269 | D        | Identified the ring of Obaj {rN+ Str+2 Dex+6} (You bought
                  | it in a shop in the Dungeon)
   269 | D        | Bought a fine silver ring for 45 gold pieces
   269 | D        | Identified the ring of Kikubaaqudgha's Favour {rN+ Int+2}
                  | (You bought it in a shop in the Dungeon)
   269 | D        | Bought a wavering bone amulet for 45 gold pieces
   269 | D        | Identified the amulet "Upoxtija" {Acrobat +Inv rPois
                  | Slay-3} (You bought it in a shop in the Dungeon)
   271 | D        | Bought a translucent jade amulet for 45 gold pieces
   271 | D        | Identified the amulet "Esio" {Fly rC+ Regen+ Int-2} (You
                  | bought it in a shop in the Dungeon)
   297 | D        | Round 3.
   302 | D        | Noticed a neqoxec
   302 | D        | Noticed a neqoxec
   303 | D        | Gained mutation: You are weak. (Str -2) [a neqoxec]
   305 | D        | Killed a neqoxec
   306 | D        | Reached skill level 5 in Fighting
   306 | D        | Reached skill level 5 in Dodging
   306 | D        | Reached skill level 9 in Invocations
   306 | D        | Reached XP level 6. HP: 51/51 MP: 5/13
   315 | D        | Killed a neqoxec
   316 | D        | Reached skill level 10 in Invocations
   318 | D        | Noticed a neqoxec
   320 | D        | Noticed a neqoxec
   321 | D        | Gained mutation: Armour fits poorly on your strangely
                  | shaped body. [a neqoxec]
   322 | D        | Gained mutation: You are frail. (-10% HP) [a neqoxec]
   323 | D        | Gained mutation: You passively dampen the noise of your
                  | surroundings. [a neqoxec]
   325 | D        | Killed a neqoxec
   326 | D        | Reached skill level 5 in Armour
   326 | D        | Reached skill level 11 in Invocations
   326 | D        | Gained mutation: You have a small tail. [demonic ancestry]
   326 | D        | Reached XP level 7. HP: 52/52 MP: 4/15
   328 | D        | Gained mutation: You are very frail. (-20% HP) [a neqoxec]
   336 | D        | Killed a neqoxec
   336 | D        | Reached **** piety under Qazlal
   342 | D        | Noticed a neqoxec
   344 | D        | Gained mutation: Your body sometimes deteriorates upon
                  | taking damage. [a neqoxec]
   347 | D        | Killed a neqoxec
   362 | D        | Noticed a neqoxec
   366 | D        | Gained mutation: You are very weak. (Str -4) [a neqoxec]
   367 | D        | Lost mutation: Armour fits poorly on your strangely shaped
                  | body. [a neqoxec]
   378 | D        | Killed a neqoxec
   378 | D        | Arena points: 138 (+84) [x4]
   379 | D        | Reached skill level 12 in Invocations
   379 | D        | Reached XP level 8. HP: 39/52 MP: 9/17
   394 | D        | Bought 2 potions of mutation for 112 gold pieces
   394 | D        | Bought a potion of mutation for 56 gold pieces
   394 | D        | Lost mutation: Your body sometimes deteriorates upon taking
                  | damage. [potion of mutation]
   394 | D        | Lost mutation: You are very weak. (Str -4) [potion of
                  | mutation]
   394 | D        | Lost mutation: You passively dampen the noise of your
                  | surroundings. [potion of mutation]
   394 | D        | Gained mutation: You are vulnerable to cold. (rC-) [potion
                  | of mutation]
   394 | D        | Gained mutation: You expend magic power (3 MP) to
                  | strengthen your wands. [potion of mutation]
   395 | D        | Lost mutation: You are weak. (Str -2) [potion of mutation]
   395 | D        | Lost mutation: You expend magic power (3 MP) to strengthen
                  | your wands. [potion of mutation]
   395 | D        | Gained mutation: Your spells are a little easier to cast,
                  | but a little less powerful. [potion of mutation]
   395 | D        | Gained mutation: You passively map a small area around you.
                  | [potion of mutation]
   396 | D        | Lost mutation: You are vulnerable to cold. (rC-) [potion of
                  | mutation]
   396 | D        | Lost mutation: Your spells are a little easier to cast, but
                  | a little less powerful. [potion of mutation]
   396 | D        | Gained mutation: You are extremely frail. (-30% HP) [potion
                  | of mutation]
   396 | D        | Gained mutation: You possess an exceptional clarity of
                  | mind. [potion of mutation]
   396 | D        | Gained mutation: Your flesh is heat resistant. (rF+)
                  | [potion of mutation]
   441 | D        | Round 4.
   445 | D        | Noticed Grum
   454 | D        | Killed Grum
   530 | D        | Reached skill level 13 in Invocations
   541 | D        | Reached ***** piety under Qazlal
   558 | D        | Arena points: 278 (+140) [x5]
   571 | D        | Bought 3 potions of mutation for 168 gold pieces
   585 | D        | Bought a potion of mutation for 56 gold pieces
   585 | D        | Lost mutation: You are extremely frail. (-30% HP) [potion
                  | of mutation]
   585 | D        | Lost mutation: You possess an exceptional clarity of mind.
                  | [potion of mutation]
   585 | D        | Gained mutation: Your flesh is very heat resistant. (rF++)
                  | [potion of mutation]
   585 | D        | Lost mutation: You are very frail. (-20% HP) [potion of
                  | mutation]
   585 | D        | Lost mutation: You passively map a small area around you.
                  | [potion of mutation]
   585 | D        | Gained mutation: You possess an exceptional clarity of
                  | mind. [potion of mutation]
   586 | D        | Lost mutation: Your flesh is very heat resistant. (rF++)
                  | [potion of mutation]
   586 | D        | Lost mutation: You possess an exceptional clarity of mind.
                  | [potion of mutation]
   586 | D        | Lost mutation: Your flesh is heat resistant. (rF+) [potion
                  | of mutation]
   586 | D        | Gained mutation: Armour fits poorly on your strangely
                  | shaped body. [potion of mutation]
   586 | D        | Gained mutation: You are agile. (Dex +4, Str/Int -1)
                  | [potion of mutation]
   587 | D        | Lost mutation: Armour fits poorly on your strangely shaped
                  | body. [potion of mutation]
   587 | D        | Lost mutation: You are agile. (Dex +4, Str/Int -1) [potion
                  | of mutation]
   587 | D        | Gained mutation: Your body sometimes deteriorates upon
                  | taking damage. [potion of mutation]
   587 | D        | Gained mutation: You have sharp toenails. [potion of
                  | mutation]
   588 | D        | Lost mutation: Your body sometimes deteriorates upon taking
                  | damage. [potion of mutation]
   588 | D        | Lost mutation: You are frail. (-10% HP) [potion of
                  | mutation]
   588 | D        | Gained mutation: Your muscles are strong. (Str +4, Int/Dex
                  | -1) [potion of mutation]
   588 | D        | Gained mutation: You are resistant to electric shocks.
                  | (rElec) [potion of mutation]
   621 | D        | Round 5.
   653 | D        | Noticed a naga warlord
   659 | D        | Killed a naga warlord
   659 | D        | Arena points: 523 (+245) [x7]
   660 | D        | Reached skill level 10 in Long Blades
   660 | D        | Reached skill level 14 in Invocations
   660 | D        | Gained mutation: You have a tail ending in a sharp stinger.
                  | [demonic ancestry]
   660 | D        | Reached XP level 9. HP: 72/74 MP: 3/19
   662 | D        | Got a serpentine rune of Zot
   667 | D        | Reached XP level 10. HP: 82/82 MP: 5/20
   801 | D        | Bought 4 potions of curing for 84 gold pieces
   801 | D        | Bought 3 potions of heal wounds for 105 gold pieces
   860 | D        | Round 6.
   994 | D        | Reached skill level 15 in Invocations
  1038 | D        | Noticed a swamp dragon
  1041 | D        | Killed a swamp dragon
  1041 | D        | Arena points: 907 (+384) [x8]
  1057 | D        | Round 7.
  1066 | D        | Noticed Nessos
  1067 | D        | Noticed a centaur warrior
  1069 | D        | Killed Nessos
  1070 | D        | Reached skill level 16 in Invocations
  1072 | D        | Reached skill level 10 in Fighting
  1072 | D        | Killed a centaur warrior
  1095 | D        | Arena points: 1411 (+504) [x9]
  1129 | D        | Round 8.
  1146 | D        | Gained mutation: You are mostly covered in sharp spines.
                  | [demonic ancestry]
  1146 | D        | Reached XP level 11. HP: 91/91 MP: 12/23
  1181 | D        | Reached skill level 17 in Invocations
  1210 | D        | Noticed a sixfirhy
  1217 | D        | Noticed a sun demon
  1220 | D        | Killed a sixfirhy
  1235 | D        | Mangled by a sun demon

Illustrated notes

Levels and vault maps discovered:
D:        arena_sprint

Skill      XL: |  1  2  3  4  5  6  7  8  9 10 11 |
---------------+----------------------------------+-----
Invocations    | 3 4 5 8 9 11 12 14 16 17 | 17.5
Long Blades    | 3 4 6 7 8 9 10 11 13 | 13.5
Armour         | 1 2 3 4 5 7 9 |  9.5
Dodging        | 3 4 5 6 7 8 9 |  9.9
Fighting       | 3 4 5 6 8 10 | 10.6
Throwing       | |  1.7

Action                     |  1- 3 |  4- 6 |  7- 9 | 10-12 || total
---------------------------+-------+-------+-------+-------++-------
  Melee: Long sword        |    18 |    17 |    40 |    86 ||   161
         Tailslap          |       |       |     6 |    18 ||    24
         Kick              |       |       |       |    40 ||    40
  Throw: Throwing net      |     1 |       |       |       ||     1
 Invoke: Upheaval          |       |     3 |     6 |    11 ||    20
  Evoke: Wand              |     2 |     3 |     2 |       ||     7
    Use: Potion            |       |       |     8 |       ||     8
 Armour: Leather armour    |     2 |       |       |       ||     2
         Ring mail         |     1 |     1 |     2 |     1 ||     5
         Swamp dragon scal |       |       |       |    14 ||    14
         Acid dragon scale |       |       |       |     2 ||     2
  Dodge: Dodged            |    10 |     6 |    16 |    43 ||    75
         Repelled          |       |       |     1 |     2 ||     3
  Block: Other             |       |     3 |     6 |    21 ||    30

Table legend: (Time is in decaauts)
 A = Elapsed time spent in this place.
 B = Non-inter-level travel time spent in this place.
 C = Inter-level travel time spent in this place.
 D = Time resting spent in this place.
 E = Time spent auto-exploring this place.
 F = Levels seen in this place.
 G = Mean time per level.
                   A        B        C        D        E       F      G
               +--------+--------+--------+--------+--------+-----+--------+
         Total |   1222 |   1222 |      0 |    271 |      0 |   1 | 1222.0 |
       Dungeon |   1222 |   1222 |      0 |    271 |      0 |   1 | 1222.0 |
               +--------+--------+--------+--------+--------+-----+--------+

Top non-repeatable levels by time:
       D: 1222 daAuts
